 Dungeon Crawl Stone Soup version 0.31-a0-1267-gfedaa18580 (webtiles) character file.

Game seed: 3545012013530073707

4469 grandjackal the Fighter (level 10, -1/87 (90) HPs)
             Began as a Yellow Draconian Gladiator on Dec 17, 2023.
             Was a Believer of Okawaru.
             Slain by a wight
             ... wielding a +0 battleaxe
              (2 damage)
             ... on level 8 of the Dungeon.
             The game lasted 00:09:55 (7809 turns).

grandjackal the Fighter (DrGl)                      Turns: 7809, Time: 00:09:56

HP:   -1/87 (90)    AC:  8    Str: 16    XL:     10   Next: 15%
MP:   0/21          EV: 16    Int:  9    God:    Okawaru [**....]
Gold: 358           SH:  0    Dex: 17    Spells: 9/9 levels left

rFire   . . .        I - +1 great sword (heavy)
rCold   . . .        (shield currently unavailable)
rNeg    . . .        (body armour unavailable)
rPois   .            b - +0 hat
rElec   .            (no cloak)
rCorr   +            l - +0 pair of gloves
SInv    .            (no boots)
Will    +....        f - amulet of guardian spirit
Stlth   ++           t - ring of willpower
HPRegen 0.34/turn    u - ring of magical power
MPRegen 0.17/turn

%: guardian spirit
@: lightly drained
A: spit acid, AC +7, unfitting armour, cold-blooded, acid resistance
a: Breathe Acid, Renounce Religion, Heroism


You were on level 8 of the Dungeon.
You worshipped Okawaru.
Okawaru was pleased with you.
You visited 2 branches of the dungeon, and saw 9 of its levels.

You collected 358 gold pieces.

Inventory:

Hand Weapons
 a - a +0 scimitar
 i - a +1 short sword of electrocution
 I - a +1 heavy great sword (weapon)
Missiles
 d - 6 javelins
 g - 13 poisoned darts
 E - 3 boomerangs
Armour
 b - a +0 hat (worn)
 l - a +0 pair of gloves (worn)
Jewellery
 f - an amulet of guardian spirit (around neck)
 q - a ring of ice
 t - a ring of willpower (left hand)
 u - a ring of magical power (right hand)
 v - a ring of fire
Wands
 y - a wand of charming (14)
 A - a wand of light (7)
Scrolls
 e - 8 scrolls of identify {unknown}
 h - 5 scrolls of teleportation {unknown}
 j - 3 scrolls of blinking {unknown}
 n - a scroll of enchant armour {unknown}
 o - a scroll of brand weapon {unknown}
 r - a scroll of amnesia {unknown}
 s - 2 scrolls of fear {unknown}
 w - a scroll of vulnerability {unknown}
 z - a scroll of noise {unknown}
 G - a scroll of acquirement {unknown}
 K - a scroll of silence {unknown}
Potions
 k - a potion of might {unknown}
 m - a potion of ambrosia
 p - 2 potions of curing {unknown}
 x - a potion of cancellation
 B - 4 potions of heal wounds {unknown}
 C - 2 potions of enlightenment {unknown}
 D - 2 potions of berserk rage {unknown}
 F - a potion of mutation {unknown}
 H - a potion of degeneration {unknown}
 J - a potion of invisibility {unknown}


   Skills:
 + Level 8.7 Fighting
 + Level 8.3 Long Blades
 - Level 2.0 Throwing
 + Level 7.5 Dodging
 + Level 3.5 Invocations
 - Level 5.3 Evocations


You had 9 spell levels left.
You didn't know any spells.
Your spell library contained the following spells:

 Spells                   Type           Power      Damage    Failure   Level
 Ozocubu's Armour         Ice            0%         N/A       77%         3
 Ozocubu's Refrigeration  Ice            0%         4d7       100%        7


Dungeon Overview and Level Annotations

Branches:
Dungeon (8/15)             Temple (1/1) D:7
   Lair: D:8-11

Altars:
Ashenzari
Cheibriados
Dithmenos
Elyvilon
Fedhas
Gozag
Hepliaklqana
Kikubaaqudgha
Makhleb
Nemelex Xobeh
Okawaru
Qazlal
Ru
Sif Muna
Trog
Wu Jian
Xom
Yredelemnul
Zin
The Shining One

Shops:
D:7 *

Portals:
Abyss: D:6

Annotations:
D:5 3 runed translucent doors, Phlounder's ghost, novice DjAr
D:6 2 transporters, MisterAzrael's ghost, novice MiFi


Innate Abilities, Weirdness & Mutations

You can spit globs of acid.
Your golden yellow scales are hard. (AC +7)
You cannot fit into any form of body armour.
You are cold-blooded and may be slowed by cold attacks.
You are resistant to acid. (rCorr)


Message History

* * * LOW HITPOINT WARNING * * *
The gnoll hits you but does no damage.
You are poisoned.
The gnoll sergeant barely misses you. The gnoll closely misses you.
You barely miss the gnoll sergeant.
You feel very sick. The gnoll sergeant closely misses you.
The gnoll barely misses you.
The gnoll sergeant hits you with a +0 spear!
* * * LOW HITPOINT WARNING * * *
The gnoll closely misses you.
Unknown command.
You slice the gnoll sergeant!!
You kill the gnoll sergeant!
Okawaru accepts your kill.
You feel sick.
A wight comes into view. It is wielding a +6 short sword.
The gnoll completely misses you. The wight closely misses you. x2
The gnoll throws a throwing net.
The throwing net misses you.
You feel sick. The gnoll barely misses you.
Things that are here:
a +0 spear; a +0 scale mail; a black bear corpse You chop the gnoll into pieces!!!
You kill the gnoll!
Okawaru accepts your kill.
You feel sick. The wight completely misses you. The wight misses you.
Throw: throwing net
Press: ? - help, Q - select action, (/) - cycle Shift-Dir - straight line, f - wight
Aim: a wight, wielding a +3 dire flail of freezing and wearing a +0 robe (63% to hit)
You throw a throwing net. The throwing net hits the wight.
The wight is caught in the net!
You feel sick.
You are no longer poisoned.
The wight struggles against the net.
The wight struggles against the net.
You see here a +2 spear of venom.
The wight struggles against the net.
The wight attacks as it pursues you! The wight hits you with a +0 battleaxe!
* * * LOW HITPOINT WARNING * * *
You feel drained.
You die...

.####.................
.......##.##.......≈≈≈
...............†..≈...
####...####......≈.♣ ###.#
#.......≈§..
####.###.......≈.♣. . .#
#.))..##.###...≈.♣
...#z##..#........≈.♣♣♣♣♣?
#.#z#..z@........§§......
#.
#...)......##....≈§§≈≈≈§≈
.
...##.....#####...........
## ##.
#...............#§...# ..
...###....######.......#.#
#. .........### #...##.#.#
# .###.#.....####........#
##. ...#.......##..###.#.#
...
..........##.##...##.#.#


You could see a wight.

Vanquished Creatures
  A two-headed ogre (D:7)
  Pikel (D:6)
  2 yaks (D:5)
  A steam dragon (D:7)
  Menkaure (D:5)
  3 ice beasts
  A sky beast (D:8)
  4 black bears
  An orc warrior (D:7)
  3 ogres
  2 phantoms
  A centaur (D:5)
  4 bullfrogs
  A scorpion (D:4)
  4 gnoll sergeants
  2 howler monkeys (D:5)
  3 hounds
  5 orc priests
  3 jellies
  6 iguanas
  A sleepcap (D:6)
  5 orc wizards
  6 adders
  15 gnolls
  A white imp (D:7)
  An ufetubus (D:5)
  An adder skeleton (D:3)
  4 worms
  21 orcs
  11 endoplasms
  4 giant cockroaches
  10 hobgoblins
  6 jackals (D:1)
  5 kobolds
  7 quokkas
  A ball python (D:2)
  A ball python zombie (D:3)
  8 bats
  2 frilled lizards
  7 goblins
  4 rats
170 creatures vanquished.

Vanquished Creatures (collateral kills)
  A steam dragon (D:6)
  An iguana (D:6)
  2 gnolls (D:6)
4 creatures vanquished.

Grand Total: 174 creatures vanquished

Notes
Turn   | Place    | Note
-------+----------+-------------------------------------------
     0 | D:1      | grandjackal the Draconian Gladiator began the quest for the
                  | Orb.
     0 | D:1      | Reached XP level 1. HP: 17/17 MP: 1/1
   200 | D:1      | Reached XP level 2. HP: 19/25 MP: 0/2
   616 | D:1      | Reached XP level 3. HP: 30/30 MP: 3/3
  1612 | D:3      | Found a broken altar of Ashenzari.
  1666 | D:3      | Reached XP level 4. HP: 38/38 MP: 2/4
  2337 | D:4      | Reached XP level 5. HP: 24/46 MP: 5/5
  2872 | D:4      | Noticed an angel
  2873 | D:4      | Found a shimmering altar of Xom.
  2874 | D:4      | Found a glowing silver altar of Zin.
  2968 | D:4      | Noticed an ogre
  2976 | D:4      | Killed an ogre
  2977 | D:4      | Reached XP level 6. HP: 53/53 MP: 6/6
  3481 | D:5      | Entered Level 5 of the Dungeon
  3648 | D:6      | Noticed a steam dragon
  3694 | D:6      | Noticed Pikel
  3698 | D:6      | HP: 1/55 [gnoll/+0 whip[a gnoll sergeant] (4)]
  3715 | D:6      | Killed a steam dragon
  3716 | D:6      | Reached skill level 5 in Fighting
  3716 | D:6      | Reached skill level 5 in Long Blades
  3716 | D:6      | Reached skill level 1 in Evocations
  3716 | D:6      | Your scales start taking on a golden yellow colour.
  3716 | D:6      | Reached XP level 7. HP: 32/61 MP: 7/7
  3716 | D:6      | Gained mutation: You are resistant to acid. (rCorr) [Yellow
                  | Draconian growth]
  3745 | D:6      | Killed Pikel
  3746 | D:6      | Reached skill level 5 in Dodging
  4037 | D:6      | Reached XP level 8. HP: 36/70 MP: 8/8
  4237 | D:5      | Found a basalt altar of Yredelemnul.
  4428 | D:5      | Found a white marble altar of Elyvilon.
  4447 | D:5      | Found a runed translucent gate.
  4447 | D:5      | Found a runed translucent gate.
  4448 | D:5      | Found a runed translucent gate.
  4449 | D:5      | Found an opulent altar of Gozag.
  4452 | D:5      | Noticed Phlounder's ghost (novice DjAr)
  4543 | D:5      | Noticed Menkaure
  4947 | D:5      | Reached XP level 9. HP: 32/79 MP: 7/9
  5337 | D:5      | Killed Menkaure
  5468 | D:5      | Reached skill level 5 in Evocations
  5726 | D:6      | Found a transporter.
  5894 | D:6      | Found a one-way gate to the infinite horrors of the Abyss.
  5894 | D:6      | Noticed MisterAzrael's ghost (novice MiFi)
  5926 | D:6      | Found a transporter.
  5930 | D:6      | Noticed a sixfirhy
  6134 | D:6      | Found a sparkling altar of Nemelex Xobeh.
  6300 | D:6      | Found a sacrificial altar of Ru.
  6433 | D:7      | Found a staircase to the Ecumenical Temple.
  6449 | Temple   | Entered the Ecumenical Temple
  6482 | Temple   | Became a worshipper of Warmaster Okawaru
  6524 | D:7      | Noticed a two-headed ogre
  6538 | D:7      | Killed a two-headed ogre
  6538 | D:7      | Reached * piety under Okawaru
  6820 | D:7      | Found Gigiplig's Neck Hole.
  7156 | D:7      | Found a shadowy altar of Dithmenos.
  7280 | D:7      | Reached XP level 10. HP: 90/90 MP: 12/12
  7607 | D:7      | Reached ** piety under Okawaru
  7722 | D:8      | Found a bloodstained altar of Trog.
  7809 | D:8      | HP: 1/90 [wight/+0 battleaxe (12)]
  7809 | D:8      | Slain by a wight

Illustrated notes

Levels and vault maps discovered:
D:1:      roadster_arrival_rocket_small, layout_basic, minmay_tall_x
D:2:      layout_basic
D:3:      layout_rooms, mainiacjoe_overflow_six_doors_small, serial_undead,
          serial_undead_a, serial_undead_a, serial_undead_b, serial_undead_d,
          serial_bayou_pond_c
D:4:      layout_cave_pods, grunt_temple_overflow_order_and_chaos_1,
          dk_rats_in_the_wall
D:5:      kennysheep_windowed_halls, layout_rooms, mainiacjoe_overflow_24_doors,
          overflow_temple_1_default, ebering_ghost_gozag, serial_bayou_pond_e,
          nicolae_the_louvre, uniq_menkaure
D:6:      layout_basic, mainiacjoe_overflow_alcove_1, kennysheep_little_box,
          gammafunk_ghost_abyssal_escape, uniq_pikel
D:7:      layout_loops_ring, mainiacjoe_overflow_paths, temple_green,
          nicolae_shop_sticking_my_neck_out
D:8:      layout_basic, mainiacjoe_overflow_brackets, bloody_trog,
          david_lair_generic
Temple:   minmay_temple_curvy_loop

Skill      XL: |  1  2  3  4  5  6  7  8  9 |
---------------+----------------------------+-----
Throwing       | 2 |  2.0
Dodging        | 3 4 5 6 7 |  7.5
Fighting       | 3 4 5 7 8 |  8.7
Long Blades    | 4 5 6 8 |  8.3
Evocations     | 1 2 4 5 |  5.3
Invocations    | 3 |  3.5

Action                     |  1- 3 |  4- 6 |  7- 9 | 10-12 || total
---------------------------+-------+-------+-------+-------++-------
  Melee: Long sword        |    30 |       |       |       ||    30
         Tailslap          |    14 |    31 |    78 |     3 ||   126
         Short sword       |   104 |   178 |   343 |       ||   625
         Punch             |     1 |     1 |     8 |       ||    10
         Great sword       |       |       |    26 |    28 ||    54
  Throw: Dart              |       |     2 |       |       ||     2
         Throwing net      |       |     1 |     3 |     1 ||     5
Ability: Breathe Acid      |       |       |     6 |       ||     6
  Evoke: Wand              |       |     1 |       |       ||     1
    Use: Potion            |       |     2 |       |       ||     2
   Stab: Sleeping          |     1 |       |     3 |     1 ||     5
         Held in net/web   |       |     1 |       |       ||     1
         Distracted        |       |       |     1 |       ||     1
 Armour: Skin              |    79 |   113 |   205 |    38 ||   435
  Dodge: Dodged            |    96 |   136 |   231 |    44 ||   507

Table legend: (Time is in decaauts)
 A = Elapsed time spent in this place.
 B = Non-inter-level travel time spent in this place.
 C = Inter-level travel time spent in this place.
 D = Time resting spent in this place.
 E = Time spent auto-exploring this place.
 F = Levels seen in this place.
 G = Mean time per level.
                   A        B        C        D        E       F      G
               +--------+--------+--------+--------+--------+-----+--------+
         Total |   7781 |   7465 |    316 |   1304 |   4465 |   9 |  864.6 |
       Dungeon |   7714 |   7462 |    252 |   1304 |   4465 |   8 |  964.2 |
        Temple |     66 |      2 |     64 |      0 |      0 |   1 |   66.0 |
               +--------+--------+--------+--------+--------+-----+--------+

Top non-repeatable levels by time:
     D:5: 1667 daAuts
     D:7: 1274 daAuts
     D:4: 1247 daAuts
     D:6: 1098 daAuts
     D:1: 862 daAuts
     D:2: 742 daAuts
     D:3: 698 daAuts
     D:8: 124 daAuts
  Temple: 66 daAuts
